 Dungeon Crawl Stone Soup version 0.21-a0-584-g185da8e (webtiles) character file.

27892 Armakuni the Thrower (level 13, -2/118 HPs)
             Began as a Troll Wizard on Dec 21, 2017.
             Was an Elder of Elyvilon.
             Killed by nerve-wracking pain
             ... invoked by a shadow imp
              (7 damage)
             ... on level 3 of the Abyss.
             The game lasted 01:14:26 (13803 turns).

Armakuni the Thrower (Troll Wizard)                Turns: 13803, Time: 01:14:27

Health: -2/118     AC: 19    Str: 18    XL:     13   Next: 6%
Magic:  0/19       EV: 15    Int: 20    God:    Elyvilon [****..]
Gold:   575        SH:  0    Dex: 11    Spells: 1/16 levels left

rFire    + . .     SeeInvis .     - Unarmed
rCold    . . .     Gourm    +   (no shield)
rNeg     . . .     Faith    +   H - +4 troll leather armour
rPois    +         Spirit   .   A - +2 hat
rElec    .         Reflect  .   o - +0 cloak
rCorr    .         Harm     .   (gloves unavailable)
MR       .....                  (boots unavailable)
Stlth    +.........             U - amulet of Susipydd {Faith rPois rF+ Int+2 Dex+3}
HPRegen  1.09/turn              E - +4 ring of evasion
MPRegen  0.16/turn              P - +5 ring of protection

@: about to teleport, studying Slings
A: large, unfitting armour, claws 3, fast metabolism 3, gourmand, regeneration
1, shaggy fur 1, tough skin 2
a: Lesser Healing, Heal Other, Purification, Greater Healing, Divine Protection,
Renounce Religion


You were on level 3 of the Abyss.
You worshipped Elyvilon.
Elyvilon was greatly pleased with you.
You were very full.

You visited 1 branch of the dungeon, and saw 12 of its levels.
You visited the Abyss 1 time.
You also visited: Labyrinth and Sewer.

You collected 575 gold pieces.

Inventory:

Hand Weapons
 f - a +0 hand axe of flaming
 g - a +0 blowgun
Missiles
 x - 4 curare-tipped needles
 D - 6 large rocks (quivered)
Armour
 o - a +0 cloak (worn)
 A - a +2 hat (worn)
 H - a +4 troll leather armour (worn)
Magical Staves
 w - an uncursed staff of wizardry
Jewellery
 E - a +4 ring of evasion (left claw)
 J - an uncursed ring of ice
 P - a +5 ring of protection (right claw)
 R - an uncursed amulet of regeneration
 U - the amulet of Susipydd (around neck) {Faith rPois rF+ Int+2 Dex+3}
   (You found it in a labyrinth)

   [amulet of faith]

   It allows you to gain divine favour quickly.
   It affects your intelligence (+2).
   It affects your dexterity (+3).
   It protects you from fire.
   It protects you from poison.
 W - an uncursed ring of wizardry
 Z - an uncursed ring of poison resistance
Wands
 a - a wand of polymorph (13)
 h - a wand of paralysis (2)
 k - a wand of acid (10)
 q - a wand of iceblast (21)
 v - a wand of flame (26)
 F - a wand of disintegration (12)
 N - a wand of digging (7)
Scrolls
 b - a scroll of blinking
 c - 2 scrolls of fear
 e - 4 scrolls of teleportation
 i - 8 scrolls of remove curse
 l - a scroll of immolation
 p - 2 scrolls of enchant armour
 r - 3 scrolls of enchant weapon
 u - 2 scrolls of amnesia
 y - a scroll of magic mapping
 I - a scroll of identify
Potions
 j - 5 potions of curing
 m - 4 potions of heal wounds
 n - 4 potions of agility
 s - 4 potions of brilliance
 t - a potion of mutation
 z - a potion of magic
 B - a potion of ambrosia
 C - a potion of lignification
Books
 G - the Catalogue of the Blaze and Flight
   (You found it in a labyrinth)

   Spells                             Type                      Level
   a - Swiftness                      Charms/Air                   2
   b - Throw Flame                    Conjuration/Fire             2
   c - Poisonous Vapours              Poison/Air                   2
   d - Summon Lightning Spire         Summoning/Air                4
   e - Lightning Bolt                 Conjuration/Air              5
   f - Silence                        Hexes/Air                    5
 K - a Fen Folio

   Spells                             Type                      Level
   a - Corpse Rot                     Necromancy                   2
   b - Stone Arrow                    Conjuration/Earth            3
   c - Leda's Liquefaction            Hexes/Earth                  4
   d - Summon Forest                  Summoning/Translocation      5
   e - Hydra Form                     Transmutation                6
   f - Summon Hydra                   Summoning                    7
 L - a book of the Sky

   Spells                             Type                      Level
   a - Summon Lightning Spire         Summoning/Air                4
   b - Silence                        Hexes/Air                    5
   c - Deflect Missiles               Charms/Air                   6
   d - Conjure Ball Lightning         Conjuration/Air              6
   e - Tornado                        Air                          9
 M - a manual of Slings
 O - Sif Muna's Volume of the Flying Compass
   (You found it on level 11 of the Dungeon)

   Spells                             Type                      Level
   a - Shroud of Golubria             Charms/Translocation         2
   b - Poisonous Vapours              Poison/Air                   2
   c - Recall                         Summoning/Translocation      3
   d - Gell's Gravitas                Translocation                3
   e - Lesser Beckoning               Translocation                3
   f - Airstrike                      Air                          4
 Q - a book of Maledictions

   Spells                             Type                      Level
   a - Corona                         Hexes                        1
   b - Ensorcelled Hibernation        Hexes/Ice                    2
   c - Confuse                        Hexes                        3
   d - Tukima's Dance                 Hexes                        3
   e - Dazzling Spray                 Conjuration/Hexes            3
 S - Sif Muna's Tome of Self-Knowledge
   (You found it on level 11 of the Dungeon)

   Spells                             Type                      Level
   a - Ozocubu's Armour               Charms/Ice                   3
   b - Deflect Missiles               Charms/Air                   6
   c - Ring of Flames                 Charms/Fire                  7
 T - the Guide on Dislocated Protection
   (You found it on level 11 of the Dungeon)

   Spells                             Type                      Level
   a - Shroud of Golubria             Charms/Translocation         2
   b - Swiftness                      Charms/Air                   2
   c - Spectral Weapon                Hexes/Charms                 3
   d - Portal Projectile              Hexes/Translocation          3
   e - Dispersal                      Translocation                6
 V - Detoinalu's Almanac of the Voyage
   (You found it on level 11 of the Dungeon)

   Spells                             Type                      Level
   a - Lesser Beckoning               Translocation                3
   b - Summon Forest                  Summoning/Translocation      5
 X - a book of Callings

   Spells                             Type                      Level
   a - Summon Small Mammal            Summoning                    1
   b - Call Imp                       Summoning                    2
   c - Call Canine Familiar           Summoning                    3
   d - Summon Guardian Golem          Hexes/Summoning              3
   e - Summon Lightning Spire         Summoning/Air                4
   f - Summon Ice Beast               Ice/Summoning                4
 Y - a book of Debilitation

   Spells                             Type                      Level
   a - Corona                         Hexes                        1
   b - Slow                           Hexes                        2
   c - Inner Flame                    Hexes/Fire                   3
   d - Portal Projectile              Hexes/Translocation          3
   e - Cause Fear                     Hexes                        4
   f - Leda's Liquefaction            Hexes/Earth                  4
Comestibles
 d - 24 rations


   Skills:
 - Level 5.0 Fighting
 - Level 9.7 Throwing
 - Level 5.0 Dodging
 - Level 1.0 Stealth
 - Level 9.3 Unarmed Combat
 - Level 2.0 Spellcasting
 - Level 3.3 Conjurations
 - Level 3.1 Hexes
   Level 0.6 Summonings
 - Level 0.6 Translocations
 + Level 3.4 Transmutations
 - Level 3.0 Fire Magic
 - Level 3.1 Air Magic
 - Level 3.0 Poison Magic
 - Level 9.3 Invocations
 - Level 1.6 Evocations


You had one spell level left.
You knew the following spells:

 Your Spells              Type           Power        Failure   Level  Hunger
b - Blink                 Tloc           N/A          22%         2    ##.....
c - Conjure Flame         Conj/Fire      ##......     16%         3    ###....
h - Hydra Form            Tmut           ###.......   100%        6    #######
m - Mephitic Cloud        Conj/Pois/Air  ##......     16%         3    ###....
t - Confusing Touch       Hex            ##....       4%          1    #......


Dungeon Overview and Level Annotations

Branches:
Dungeon (12/15)            Temple (0/1) D:6            Lair (0/6) D:8
    Orc (0/2) D:12

Altars:
Ashenzari
Elyvilon
Fedhas
Hepliaklqana
Nemelex Xobeh
Okawaru
Ru
Sif Muna
Zin
The Shining One


Innate Abilities, Weirdness & Mutations

You are too large for most types of armour.
You have claws for hands.
Your metabolism is lightning-fast.
You like to eat raw meat.
Your natural rate of healing is unusually fast.
You are covered in fur. (AC +1)
You have very tough skin. (AC +2)


Message History

You hear a roar!
Okay, then.
Unknown command.
You don't have enough magic at the moment.
Throwing (i - inventory):
D - 6 large rocks (quivered)
Press: ? - help, Shift-Dir - straight line, f - hell hog
Aim: a hell hog (moderately wounded, catching its breath)
Okay, then.
Unknown command.
Okay, then.
The shadow imp hits you but does no damage.
A large abomination comes into view.
You barely miss something. The shadow imp closely misses you.
Unknown command.
You closely miss something. Something hits you!!
* * * LOW HITPOINT WARNING * * *
You feel your power leaking away. The shadow imp gestures at you.
Pain shoots through your body!
You die...

. .# ##.. #
#...# #.. #
#.X#.### .#
### #.... .#
.. .≈ ##.###
##.. ..#.# .
#
#.####..##..#
.... ....5 .
#.@{#.. .#...
.#.. ##5##.##
. . ##..# #.#
## ........
## ..## . .
.# ###.# .. #
. . ### ...
#..## ....#
#. #. # . # #
.. . . ..


You could see a large abomination and a shadow imp.

Vanquished Creatures
  A minotaur (Lab)
  A hydra (D:8)
  2 two-headed ogres
  A vampire mage (D:11)
  The ghost of rabbitfr the Geomancer, a novice GrEE of Ashenzari (D:9)
  2 cyclopes (D:11)
  3 orc sorcerers (D:11)
  2 ugly things
  8 deep elf magi
  5 naga magi (D:11)
  Maurice (D:11)
  2 gargoyles
  A hellwing (Abyss:3)
  An ancient zyme (Abyss:3)
  7 trolls
  3 hippogriffs
  2 dream sheep (D:8)
  2 shadows (D:12)
  A wraith (D:11)
  13 yaks
  2 small abominations (Abyss:3)
  2 hungry ghosts
  8 vampire mosquitoes (D:12)
  A chaos spawn (Abyss:3)
  The ghost of anything the Cutter, an amateur HaCK of Xom (D:4)
  3 water moccasins
  7 orc warriors
  2 sky beasts
  3 ice beasts
  A black bear (D:8)
  2 hornet zombies
  9 ogres
  3 phantoms
  3 necrophages
  3 centaurs
  5 big kobolds
  7 bullfrogs
  3 wyvern zombies
  A wyvern skeleton (D:10)
  6 scorpions
  21 killer bees
  2 howler monkeys
  3 wights (D:11)
  3 electric eels (D:12)
  4 crimson imps
  A bullfrog zombie (D:11)
  A centaur zombie (D:9)
  Crazy Yiuf (D:4)
  7 jellies
  4 bullfrog skeletons
  6 orc priests
  4 hounds
  14 orc wizards
  3 iguanas
  4 centaur skeletons
  10 worker ants
  A killer bee zombie (D:8)
  4 hound skeletons
  7 worker ant zombies
  7 gnolls
  19 adders
  3 river rats (Sewer)
  3 shadow imps
  A white imp (Abyss:3)
  3 oozes
  3 worms
  A dart slug (D:1)
  6 leopard geckos
  53 orcs
  10 bats
  5 giant cockroaches
  6 goblins
  6 hobgoblins
  17 jackals
  5 quokkas
  9 ball pythons
  11 frilled lizards
  2 jackal skeletons
  A jackal zombie (D:6)
  26 kobolds
  A leopard gecko skeleton (D:5)
  29 rats
458 creatures vanquished.

Vanquished Creatures (others)
  3 orcs
  A plant (D:8)
4 creatures vanquished.

Grand Total: 462 creatures vanquished

Notes
Turn   | Place    | Note
-------+----------+-------------------------------------------
     0 | D:1      | Armakuni the Troll Wizard began the quest for the Orb.
     0 | D:1      | Reached XP level 1. HP: 16/16 MP: 2/2
   116 | D:1      | Reached skill level 1 in Unarmed Combat
   201 | D:1      | Reached XP level 2. HP: 16/24 MP: 0/4
   404 | D:1      | Found an iron altar of Okawaru.
   916 | D:1      | Reached XP level 3. HP: 31/31 MP: 5/5
  1203 | D:2      | Learned a level 3 spell: Mephitic Cloud
  1374 | D:2      | Found a blossoming altar of Fedhas.
  1468 | D:2      | Learned a level 2 spell: Blink
  1534 | D:2      | Reached skill level 1 in Conjurations
  1534 | D:2      | Reached XP level 4. HP: 30/39 MP: 1/6
  2253 | D:3      | Reached skill level 1 in Fighting
  2253 | D:3      | Reached XP level 5. HP: 48/48 MP: 7/7
  2397 | D:3      | Found a glowing silver altar of Zin.
  2400 | D:3      | Found a white marble altar of Elyvilon.
  2404 | D:3      | Became a worshipper of Elyvilon the Healer
  2408 | D:3      | Found a sacrificial altar of Ru.
  2551 | D:3      | Found a glowing drain.
  2556 | Sewer    | Entered a sewer
  2883 | Sewer    | Learned a level 1 spell: Confusing Touch
  2914 | Sewer    | Reached skill level 1 in Poison Magic
  2962 | Sewer    | Reached skill level 1 in Air Magic
  2962 | Sewer    | Reached XP level 6. HP: 41/55 MP: 8/8
  3470 | D:4      | Reached * piety under Elyvilon
  3851 | D:4      | Noticed an ice beast
  3872 | D:4      | Killed an ice beast
  3872 | D:4      | Reached XP level 7. HP: 19/62 MP: 4/9
  3877 | D:4      | Learned a level 3 spell: Conjure Flame
  4067 | D:4      | Reached skill level 1 in Fire Magic
  4412 | D:4      | Found a blossoming altar of Fedhas.
  4467 | D:4      | Noticed anything's ghost (amateur HaCK)
  4489 | D:4      | Killed anything's ghost
  4489 | D:4      | Reached XP level 8. HP: 61/70 MP: 10/10
  4676 | D:4      | Found a runed door.
  4681 | D:4      | Noticed Crazy Yiuf
  4691 | D:4      | Killed Crazy Yiuf
  4853 | D:4      | Found a deep blue altar of Sif Muna.
  4853 | D:4      | Reached ** piety under Elyvilon
  4890 | D:5      | Entered Level 5 of the Dungeon
  5512 | D:5      | Found a sparkling altar of Nemelex Xobeh.
  5645 | D:5      | Reached skill level 1 in Evocations
  5780 | D:6      | Reached skill level 1 in Invocations
  6023 | D:6      | Found a glowing golden altar of the Shining One.
  6054 | D:6      | Reached XP level 9. HP: 80/80 MP: 9/11
  6146 | D:6      | Found a staircase to the Ecumenical Temple.
  6191 | D:6      | Found an iron altar of Okawaru.
  6192 | D:6      | Noticed a gargoyle
  6347 | D:6      | Killed a gargoyle
  6347 | D:6      | Reached skill level 5 in Invocations
  6624 | D:7      | HP: 4/80 [orc warrior/dire flail of crushing (2)]
  6802 | D:7      | Paralysed by a crimson imp for 4 turns
  7092 | D:7      | Found a hazy altar of Hepliaklqana.
  7263 | D:7      | Reached *** piety under Elyvilon
  7533 | D:8      | Noticed a two-headed ogre
  7559 | D:8      | Killed a two-headed ogre
  7559 | D:8      | Reached XP level 10. HP: 89/89 MP: 6/15
  7784 | D:8      | Found a staircase to the Lair.
  7860 | D:8      | Reached skill level 5 in Unarmed Combat
  8214 | D:8      | Noticed a two-headed hydra
  8222 | D:8      | Killed a one-headed hydra
  8222 | D:8      | Reached skill level 5 in Fighting
  9033 | D:9      | Noticed rabbitfr's ghost (novice GrEE)
  9048 | D:9      | Killed rabbitfr's ghost
  9048 | D:9      | Reached XP level 11. HP: 102/102 MP: 16/16
  9270 | D:9      | Found a shattered altar of Ashenzari.
  9512 | D:10     | Entered Level 10 of the Dungeon
  9651 | D:10     | Found a glowing golden altar of the Shining One.
  9733 | D:10     | Reached **** piety under Elyvilon
  9851 | D:10     | Reached skill level 1 in Hexes
 10891 | D:11     | Noticed Maurice
 10959 | D:11     | Killed Maurice
 11042 | D:11     | Noticed a two-headed ogre
 11087 | D:11     | Killed a two-headed ogre
 11305 | D:11     | Reached skill level 5 in Dodging
 11386 | D:11     | Noticed a purple ugly thing
 11395 | D:11     | Killed a purple ugly thing
 11395 | D:11     | Reached skill level 1 in Throwing
 11499 | D:11     | Noticed a deep elf mage
 11507 | D:11     | Noticed a deep elf mage
 11519 | D:11     | Reached XP level 12. HP: 110/111 MP: 12/18
 11658 | D:11     | Reached skill level 5 in Throwing
 11779 | D:11     | Noticed a vampire mage
 12033 | D:12     | Found a labyrinth entrance.
 12055 | Lab      | Entered a labyrinth
 12309 | Lab      | Noticed a minotaur
 12321 | Lab      | Killed a minotaur
 12336 | Lab      | Identified the Catalogue of the Blaze and Flight
 12337 | Lab      | Got a heavily runed jade amulet
 12345 | Lab      | Learned a level 6 spell: Hydra Form
 12348 | Lab      | Identified the amulet of Susipydd {Faith rPois rF+ Int+2 Dex+3} (You found it in a labyrinth)
 13212 | D:11     | Killed a vampire mage
 13212 | D:11     | Reached skill level 1 in Transmutations
 13243 | D:11     | Identified Sif Muna's Volume of the Flying Compass
 13259 | D:11     | Found a deep blue altar of Sif Muna.
 13272 | D:11     | Identified Sif Muna's Tome of Self-Knowledge
 13297 | D:11     | Identified the Guide on Dislocated Protection
 13307 | D:11     | Identified Detoinalu's Almanac of the Voyage
 13485 | D:11     | Noticed a deep elf sorcerer
 13491 | D:11     | Reached XP level 13. HP: 118/118 MP: 16/19
 13493 | D:11     | Cast into level 3 of the Abyss (a deep elf sorcerer)
 13739 | Abyss:3  | Noticed a tentacled starspawn
 13803 | Abyss:3  | HP: 5/118 [something (30)]
 13803 | Abyss:3  | Killed from afar by a shadow imp

Vault maps used:
D:1:      elethiomel_arrival_infinity_welcomes_careful_drivers,
          okawaru_ov_weapons_minmay
D:2:      fedhas_altar_4
D:3:      grunt_temple_overflow_diamond, portal_sewer_entry_e, first_ration
D:4:      nicolae_overflow_hidden_temple, lemuel_blue_sif_altar,
          uniq_crazy_yiuf_cottage
D:5:      marbit_many_paths
D:6:      tso_oasis_becter, lemuel_round_altar, minmay_temple_entry_poolview
D:7:      overflow_temple_1_default
D:8:      erik_lair_orcish_takeover, hangedman_ranch, minmay_misc_feat_five
D:9:      ashenzari_altar_1
D:10:     basic_altar
D:11:     evilmike_library_of_no_secrets, hangedman_decor_clover_reticule,
          lightli_minifort, uniq_maurice
D:12:     erik_orc_2, lab_entry_generic
Abyss:3:  evilmike_abyss_rune_elephants_shrine
Lab:      labyrinth_spiral, labyrinth_fake_exit, nicolae_lab_garden
Sewer:    sewer_minmay_treatment

Skill      XL: |  1  2  3  4  5  6  7  8  9 10 11 12 13 |
---------------+----------------------------------------+-----
Unarmed Combat | 1 2 3 4 8 9 |  9.3
Conjurations   | 1 2 3 |  3.3
Fighting       | 1 2 5 |  5.0
Poison Magic   | 1 2 3 |  3.0
Air Magic      | 1 2 3 |  3.1
Fire Magic     | 3 |  3.0
Evocations     | 1 |  1.6
Invocations    | 4 9 |  9.3
Hexes          | 3 |  3.1
Dodging        | 5 |  5.0
Throwing       | 3 9 |  9.7
Transmutations | 2 3 |  3.4
Stealth        | |  1.0
Spellcasting   | |  2.0
Summonings     | |  0.6
Translocations | |  0.6

Action                   |  1- 3 |  4- 6 |  7- 9 | 10-12 | 13-15 || total
-------------------------+-------+-------+-------+-------+-------++-------
Melee: Unarmed           |   118 |   293 |   430 |  1116 |    60 ||  2017
       Punch             |       |     5 |     4 |    35 |     1 ||    45
       Hand axe          |       |       |       |     4 |       ||     4
 Fire: Blowgun           |       |    25 |    40 |       |       ||    65
Throw: Stone             |       |     5 |       |       |       ||     5
       Javelin           |       |       |       |     5 |       ||     5
       Large rock        |       |       |       |    13 |       ||    13
 Cast: Magic Dart        |    21 |     6 |       |       |       ||    27
       Mephitic Cloud    |     1 |     5 |    12 |    25 |     1 ||    44
       Confusing Touch   |       |     7 |    18 |    65 |       ||    90
       Blink             |       |     1 |       |     1 |       ||     2
       Conjure Flame     |       |       |       |    21 |       ||    21
Invok: Lesser Healing    |       |     1 |       |       |       ||     1
       Heal Other        |       |       |     1 |     7 |       ||     8
       Greater Healing   |       |       |       |     4 |       ||     4
       Purification      |       |       |       |       |     1 ||     1
Evoke: Wand              |       |       |    25 |    40 |     1 ||    66
  Use: Scroll            |     5 |     6 |     3 |    13 |     1 ||    28
       Potion            |       |       |     7 |     2 |       ||     9
 Stab: Sleeping          |     2 |     1 |       |       |       ||     3
       Confused          |       |     2 |     2 |    26 |       ||    30
       Invisible         |       |       |     1 |     1 |       ||     2
       Distracted        |       |       |       |     1 |       ||     1
       Paralysed         |       |       |       |     6 |     2 ||     8
  Eat: Chunk             |    20 |    23 |    35 |    78 |     4 ||   160
       Ration            |       |       |       |     2 |       ||     2
Armor: Robe              |    46 |    99 |   116 |   135 |       ||   396
       Troll leather arm |       |       |       |   264 |    33 ||   297
Dodge: Dodged            |    64 |   122 |   182 |   628 |    35 ||  1031

Table legend:
 A = Spawn XP
 B = Non-spawn XP
 C = Spawn XP percentage of total XP
 D = Spawn monster count
 E = Non-spawn monster count
 F = Spawn count percentage of total count
 G = Total turns spent on level
                    A         B        C        D         E        F      G
               +---------+---------+-------+---------+---------+-------+---------
         Total |    1541 |   37951 |   3.9 |       6 |     452 |   1.3 | 13803
               +---------+---------+-------+---------+---------+-------+---------
           D:1 |       0 |      46 |   0.0 |       0 |      27 |   0.0 |  1220
           D:2 |       0 |     132 |   0.0 |       0 |      32 |   0.0 |   990
           D:3 |       0 |      83 |   0.0 |       0 |      16 |   0.0 |   665
           D:4 |       0 |    1013 |   0.0 |       0 |      24 |   0.0 |  1420
           D:5 |       0 |     650 |   0.0 |       0 |      22 |   0.0 |   912
           D:6 |       0 |    1203 |   0.0 |       0 |      22 |   0.0 |   975
           D:7 |       0 |    1549 |   0.0 |       0 |      38 |   0.0 |   730
           D:8 |       0 |    4220 |   0.0 |       0 |      44 |   0.0 |  1231
           D:9 |       0 |    2872 |   0.0 |       0 |      30 |   0.0 |   813
          D:10 |       0 |    2679 |   0.0 |       0 |      33 |   0.0 |  1007
          D:11 |       0 |   15407 |   0.0 |       0 |      60 |   0.0 |  1779
          D:12 |       0 |    6586 |   0.0 |       0 |      54 |   0.0 |   853
       Abyss:3 |    1541 |     202 |  88.4 |       6 |       1 |  85.7 |   310
           Lab |       0 |    1105 |   0.0 |       0 |       1 |   0.0 |   303
         Sewer |       0 |     204 |   0.0 |       0 |      48 |   0.0 |   595
               +---------+---------+-------+---------+---------+-------+---------
